 Dungeon Crawl Stone Soup version 0.18-a0-917-g8a3da5b (webtiles) character file.

1293 Duffy the Cleaver (level 8, -6/66 HPs)
             Began as a Hill Orc Fighter on Dec 26, 2015.
             Mangled by Duvessa
             ... wielding a +0 short sword
              (7 damage)
             ... on level 5 of the Dungeon.
             The game lasted 00:05:07 (4635 turns).

Duffy the Cleaver (Hill Orc Fighter)                Turns: 4635, Time: 00:05:08

Health: -6/66      AC: 13    Str: 19    XL:     8   Next: 56%
Magic:  8/8        EV:  6    Int: 10    God:
Gold:   218        SH:  0    Dex: 10    Spells: 0 memorised, 7 levels left

rFire  . . .     SeeInvis .     a - +1 war axe
rCold  . . .     Gourm    .     s - +0 plate armour
rNeg   . . .     Faith    .     (no shield)
rPois  .         Spirit   .     (no helmet)
rElec  .         Dismiss  .     (no cloak)
rCorr  .         Reflect  .     (no gloves)
SustAt .         Harm     +     (no boots)
MR     .....                    y - amulet of harm
Stlth  ..........               (no ring)
                                (no ring)

@: not resistant to hostile enchantments, extremely unstealthy
A: no striking features
a: no special abilities


You were on level 5 of the Dungeon.
You were hungry.

You visited 1 branch of the dungeon, and saw 5 of its levels.

You collected 218 gold pieces.


   Skills:
 + Level 4.1 Fighting
 * Level 9.9 Axes
 * Level 8.1 Armour
 - Level 3.2 Shields


You had 7 spell levels left.
You didn't know any spells.

Inventory:

Hand Weapons
 a - a +1 war axe (weapon)
Armour
 c - a +0 shield
 s - a +0 plate armour (worn)
Jewellery
 y - an amulet of harm (around neck)
 E - an uncursed amulet of rage {unknown}
Scrolls
 b - 2 scrolls of enchant weapon
 g - 4 scrolls of remove curse
 k - a scroll of fear {unknown}
 m - 2 scrolls of teleportation {unknown}
 r - a scroll of noise {unknown}
 u - a scroll of random uselessness {unknown}
 x - 2 scrolls of recharging
 B - a scroll of magic mapping {unknown}
 F - a scroll of enchant armour {unknown}
Potions
 d - a potion of might
 i - 2 potions of agility
 j - a potion of invisibility
 l - a potion of haste
 n - a potion of cancellation {unknown}
 o - a potion of lignification {unknown}
 v - 3 potions of curing
 w - a potion of ambrosia {unknown}
 D - a potion of brilliance {unknown}
Books
 q - a book of Cantrips
Comestibles
 f - 4 bread rations
 t - a beef jerky
 z - 2 fruits
 A - 3 meat rations

Dungeon Overview and Level Annotations

Branches:
Dungeon (5/15)
 Temple: D:4-7

Altars:
Dithmenos
Elyvilon
Fedhas
Gozag
Kikubaaqudgha
Nemelex Xobeh
Trog
Zin
The Shining One

Shops:
D:5 }

Annotations:
D:5 Duvessa


Message History

You are too injured to fight recklessly!
You closely miss Duvessa.
Duvessa is heavily wounded.
Duvessa barely misses you.
You hit Duvessa but do no damage.
Duvessa is heavily wounded.
Duvessa hits you with a short sword. x2
You hit Duvessa.
Duvessa is heavily wounded.
Duvessa hits you with a short sword.
You closely miss Duvessa.
Duvessa is heavily wounded.
Duvessa completely misses you. x2
Your plate armour prevents you from hitting Duvessa.
Duvessa is heavily wounded.
Duvessa hits you with a short sword.
Drink which item? (? for menu, Esc to quit)
Okay, then.
You slash Duvessa!
Duvessa is severely wounded.
Duvessa hits you with a short sword. Duvessa hits you but does no damage.
All of the chunks of flesh in your inventory have rotted away.
You closely miss Duvessa.
Duvessa is severely wounded.
Duvessa hits you with a short sword.
You closely miss Duvessa.
Duvessa is severely wounded.
Duvessa hits you with a short sword. x2
You barely miss Duvessa.
Duvessa is severely wounded.
Duvessa hits you with a short sword.
You closely miss Duvessa.
Duvessa is severely wounded.
Duvessa hits you but does no damage. Duvessa hits you with a short sword.
You die...

........
##.).##..#
.......
.#####....##..#
.##### .
......._......#
.# ..
..##....######
># ... #...##
.. .... ###.#
.....####.#
..........#
.......@..#
......e........
........###....
(.......# .....
........# ####
........#
####.#...
#.####


You could see Duvessa (berserk).

Action                   |  1- 3 |  4- 6 |  7- 9 || total
-------------------------+-------+-------+-------++-------
Melee: War axe           |   134 |   135 |   173 ||   442
  Use: Scroll            |       |     2 |     7 ||     9
  Eat: Chunk             |     2 |     2 |     8 ||    12

Notes
Turn   | Place    | Note
--------------------------------------------------------------
     0 | D:1      | Duffy the Hill Orc Fighter began the quest for the Orb.
     0 | D:1      | Reached XP level 1. HP: 19/19 MP: 1/1
    47 | D:1      | Reached skill level 3 in Axes
   187 | D:1      | Reached XP level 2. HP: 26/26 MP: 2/2
   473 | D:1      | Reached skill level 4 in Axes
   820 | D:2      | Reached XP level 3. HP: 31/31 MP: 3/3
  1462 | D:2      | Reached skill level 5 in Axes
  1632 | D:3      | Reached XP level 4. HP: 39/39 MP: 4/4
  1678 | D:3      | Found a bloodstained altar of Trog.
  1679 | D:3      | Noticed an eye of draining
  1679 | D:3      | Noticed an eye of draining
  1697 | D:3      | Killed an eye of draining
  1697 | D:3      | Reached skill level 6 in Axes
  1697 | D:3      | Reached skill level 4 in Armour
  1697 | D:3      | Reached XP level 5. HP: 42/45 MP: 0/5
  1704 | D:3      | Killed an eye of draining
  1704 | D:3      | Reached skill level 5 in Armour
  1704 | D:3      | Reached XP level 6. HP: 48/51 MP: 0/6
  1846 | D:3      | Found an ancient bone altar of Kikubaaqudgha.
  1850 | D:3      | Found a white marble altar of Elyvilon.
  1850 | D:3      | Found a glowing silver altar of Zin.
  2212 | D:4      | Noticed dvd's ghost (amateur OpTm)
  2366 | D:4      | Reached skill level 7 in Axes
  2606 | D:4      | Reached skill level 6 in Armour
  2606 | D:4      | Reached XP level 7. HP: 42/57 MP: 7/7
  2868 | D:4      | Reached skill level 8 in Axes
  3090 | D:4      | Killed dvd's ghost
  3252 | D:4      | Reached skill level 7 in Armour
  3262 | D:4      | Found a sparkling altar of Nemelex Xobeh.
  3263 | D:4      | Found an opulent altar of Gozag.
  3387 | D:4      | Found a glowing golden altar of the Shining One.
  3530 | D:4      | Reached skill level 9 in Axes
  3530 | D:4      | Reached XP level 8. HP: 64/64 MP: 8/8
  3548 | D:4      | Found a blossoming altar of Fedhas.
  4008 | D:5      | Entered Level 5 of the Dungeon
  4035 | D:5      | Noticed Menkaure
  4047 | D:5      | Killed Menkaure
  4256 | D:5      | Found Higotorch's Gadget Boutique.
  4417 | D:5      | Reached skill level 4 in Fighting
  4417 | D:5      | Reached skill level 8 in Armour
  4596 | D:5      | Found a shadowy altar of Dithmenos.
  4613 | D:5      | Noticed Dowan
  4614 | D:5      | Noticed Duvessa
  4617 | D:5      | Killed Dowan
  4635 | D:5      | Mangled by Duvessa

Vault maps used:
D:1:      onia_arrival_pyramid
D:3:      grunt_temple_overflow_open, trog_eyes_of_draining
D:4:      kennysheep_little_box, fedhas_altar_1, grunt_temple_overflow_opulence,
          first_bread, portal_sewer_entry_e
D:5:      nicolae_overflow_crystal_walls, marbit_many_paths, serial_shops, shop,
          uniq_duvessa, uniq_menkaure

Vanquished Creatures
  The ghost of dvd the Insei, an amateur OpTm Menkaure
  2 eyes of draining
  A phantom
  2 ogres
  A water moccasin zombie Dowan
  A scorpion
  2 hounds
  An orc priest
  A centaur zombie
  2 iguanas
  3 worker ants
  3 gnolls
  7 adders
  An ooze
  An adder skeleton
  A worm
  A giant gecko
  13 orcs
  9 bats
  6 giant cockroaches
  6 hobgoblins
  A jackal
  A giant gecko skeleton
  9 giant newts
  9 goblins
  A kobold
  A quokka
  A quokka skeleton
  9 rats
99 creatures vanquished.
